AoeStats
← Sodythaek

Arabia

510362087Analyzed
1v1 RM · 3d ago on Sep 30, 2026· 50m 41s· 2 players
Game mode
Random Map
Map size
Tiny (2 player)
Population
200
Speed
Normal
Resources
Standard
Victory
Conquest
Starting age
Dark Age
Ending age
Imperial Age
RankedLock teamsTeams togetherTeam positionsShared explorationLock speedFull tech treeHidden civsTurbo modeCheats
Victory
Defeat
🇫🇷 Ethiopians · France
1252
+18
🇹🇼 Mongols · Taiwan
1285
-18
Sodythaek
6:43 Loom
6:47 Loom
9:18 Feudal Age
11:02 Double-Bit Axe
14:51 Fletching
15:45 Padded Archer Armor
17:42 Horse Collar
23:16 Castle Age
24:02 Bodkin Arrow
23:35 Crossbowman
24:45 Leather Archer Armor
24:42 Gold Mining
25:04 Bow Saw
27:00 Wheelbarrow
27:49 Heavy Plow
29:59 Town Watch
30:57 Ballistics
32:35 Thumb Ring
41:13 Imperial Age
40:31 Gold Shaft Mining
39:47 Stone Mining
40:57 Scale Mail Armor
41:08 Forging
41:08 Squires
40:53 Arson
41:59 Capped Ram
42:09 Arbalester
43:34 Bracer
45:55 Chemistry
45:29 Ring Archer Armor
46:22 Stone Shaft Mining
45:36 Siege Ram
47:26 Conscription
50:14 Two-Man Saw
51:40 Iron Casting
51:21 Chain Mail Armor
51:16 Royal Heirs
gigan
5:57 Loom
9:04 Feudal Age
9:49 Double-Bit Axe
14:17 Fletching
14:17 Town Watch
18:21 Horse Collar
23:04 Castle Age
21:26 Padded Archer Armor
22:14 Scale Barding Armor
22:21 Bloodlines
23:08 Elite Skirmisher
23:50 Bodkin Arrow
23:38 Light Cavalry
25:34 Wheelbarrow
25:17 Bow Saw
28:47 Husbandry
29:11 Chain Barding Armor
32:26 Hand Cart
36:36 Ballistics
41:14 Imperial Age
39:38 Thumb Ring
39:55 Leather Archer Armor
39:43 Gold Mining
41:51 Cavalier
44:10 Chemistry
44:08 Bracer
48:07 Hussar
Connection lost

Rejoining the realm…

Still unreachable

The connection could not be restored.

Session expired

The server has moved on; the page needs a fresh start.